 Dungeon Crawl Stone Soup version 0.17-a0-1951-g62301d3 (webtiles) character file.

4736 Ordine the Cruncher (level 10, -6/92 HPs)
             Began as a Minotaur Gladiator on Oct 3, 2015.
             Was a Priest of Okawaru.
             Mangled by a komodo dragon (21 damage)
             ... on level 1 of the Lair of Beasts.
             The game lasted 00:31:03 (7368 turns).

Ordine the Cruncher (Minotaur Gladiator)            Turns: 7368, Time: 00:31:03

Health: -6/92      AC: 16    Str: 23    XL:     10   Next: 22%
Magic:  8/8        EV:  9    Int:  9    God:    Okawaru [***...]
Gold:   153        SH:  0    Dex: 13    Spells: 0 memorised, 9 levels left

rFire  . . .     SeeInvis .     a - +0 quarterstaff
rCold  + + .     Clarity  .     B - +1 plate armour "Ememopp" {rC+ Str+2}
rNeg   . . .     SustAt   .     (no shield)
rPois  .         Gourm    +     c - +0 hat
rElec  .         Spirit   .     k - +0 cloak
rCorr  .         Warding  .     (no gloves)
rMut   .         Stasis   .     h - +0 pair of boots
MR     .....                    J - amulet of the gourmand
Stlth  ..........               E - ring of flight
                                g - +4 ring of intelligence

@: not resistant to hostile enchantments, extremely unstealthy
A: retaliatory headbutt, horns 2, cold resistance 1, low mp 1, robust 1
a: Heroism, Renounce Religion, Evoke Flight


You were on level 1 of the Lair of Beasts.
You worshipped Okawaru.
Okawaru was most pleased with you.
You were completely stuffed.

You visited 3 branches of the dungeon, and saw 11 of its levels.

You collected 494 gold pieces.
You spent 341 gold pieces at shops.

Inventory:

Hand weapons
 a - a +0 quarterstaff (weapon)
Missiles
 d - 4 throwing nets (quivered)
Armour
 c - a +0 hat (worn)
 h - a +0 pair of boots (worn)
 k - a +0 cloak (worn)
 B - the +1 plate armour "Ememopp" (worn) {rC+ Str+2}
   (You found it on level 6 of the Dungeon)

   It affects your strength (+2).
   It protects you from cold.
Magical staves
 D - an uncursed staff of summoning
Jewellery
 g - a +4 ring of intelligence (left hand)
 l - an uncursed ring of fire
 z - an uncursed ring of wizardry
 E - a ring of flight (right hand)
 J - an amulet of the gourmand (around neck)
Magical devices
 p - a wand of teleportation (4)
 s - a wand of lightning (8)
 x - a wand of disintegration (6)
 y - a wand of cold (8)
Scrolls
 b - 3 scrolls of amnesia
 n - 8 scrolls of teleportation
 o - 3 scrolls of immolation
 r - 4 scrolls of enchant armour
 t - a scroll of blinking
 H - 4 scrolls of identify
 I - 5 scrolls of remove curse
Potions
 i - a potion of cancellation
 j - a potion of brilliance
 q - a potion of curing
 u - 3 potions of might
 v - a potion of resistance
 w - a potion of magic
 A - a potion of agility
 G - a potion of berserk rage
 K - 2 potions of flight
Books
 L - a book of the Tempests

   Spells                             Type                      Level
   a - Static Discharge               Conjuration/Air              3
   b - Lightning Bolt                 Conjuration/Air              5
   c - Fireball                       Conjuration/Fire             5
   d - Tornado                        Air                          9
   e - Shatter                        Earth                        9
 P - a book of Callings

   Spells                             Type                      Level
   a - Summon Small Mammal            Summoning                    1
   b - Call Imp                       Summoning                    2
   c - Call Canine Familiar           Summoning                    3
   d - Summon Guardian Golem          Hexes/Summoning              3
   e - Summon Lightning Spire         Summoning/Air                4
   f - Summon Ice Beast               Ice/Summoning                4
Miscellaneous
 M - a stone of tremors
Comestibles
 e - 7 bread rations
 f - 4 fruits
 m - 5 meat rations
 C - 2 royal jellies
 F - a beef jerky
 N - a chunk of flesh


   Skills:
 + Level 6.7 Fighting
 - Level 14.0 Staves
 - Level 2.0 Throwing
 + Level 6.2 Armour
 + Level 6.7 Dodging


You had 9 spell levels left.
You didn't know any spells.

Dungeon Overview and Level Annotations

Branches:
Dungeon (9/15)             Temple (1/1) D:5            Lair (1/8) D:9
    Orc: D:9-12

Altars:
Ashenzari
Cheibriados
Dithmenos
Elyvilon
Fedhas
Gozag
Kikubaaqudgha
Makhleb
Nemelex Xobeh
Okawaru
Qazlal
Ru
Sif Muna
Trog
Vehumet
Xom
Yredelemnul
Zin
The Shining One

Shops:
D:4 =   D:7 !


Innate Abilities, Weirdness & Mutations

You reflexively headbutt those who attack you in melee.
You have a pair of horns on your head.
Your flesh is cold resistant.
Your magical capacity is low (-10% MP).
You are robust (+10% HP).


Message History

You are too injured to fight recklessly!
You hit the komodo dragon but do no damage.
You headbutt the komodo dragon.
The komodo dragon is moderately wounded.
You hit the komodo dragon but do no damage.
Your headbutt misses the komodo dragon.
The komodo dragon is moderately wounded.
The komodo dragon barely misses you.
Evoke which item? (* to show all) (? for menu, Esc to quit)
Zapping:
y - a wand of cold (9)
Press: ? - help, Shift-Dir - straight line, f - komodo dragon
Aim: a komodo dragon (moderately wounded)
The bolt of cold hits the komodo dragon.
The komodo dragon is heavily wounded.
This wand has 8 charges left.
The komodo dragon bites you.
* * * LOW HITPOINT WARNING * * *
You hit the komodo dragon.
The komodo dragon is heavily wounded.
The komodo dragon bites you!!
You die...

#....## #....P# #....# #....#
#....# ### ###....#
############.######P#....#####
..............................
............l@..†.............
..............................
.........................."...
#########.#####.....########.#
### #....## ### #....##
#.....# #.....# #.....#


You could see a komodo dragon.

Vanquished Creatures
  A hydra (Lair:1)
  A gargoyle (D:8)
  2 wyverns (D:9)
  A spriggan (D:9)
  Eustachio (D:6)
  A hippogriff (D:9)
  A porcupine (Lair:1)
  2 ice beasts
  2 sky beasts (D:7)
  3 ogres
  A wasp (D:9)
  3 centaurs
  A big kobold (D:8)
  A crocodile (D:8)
  2 giant frogs
  3 scorpions
  4 wights (D:7)
  4 crimson imps
  A centaur skeleton (D:4)
  7 hounds
  4 orc priests
  Ijyb (D:3)
  2 iguanas
  Jessica (D:3)
  A gnoll shaman (D:8)
  5 orc wizards
  A giant frog skeleton (D:5)
  8 worker ants
  A statue (D:5)
  2 hound zombies
  A hound skeleton (D:6)
  8 adders
  17 gnolls
  A shadow imp (D:5)
  An ooze (D:3)
  3 worms
  4 giant geckos
  21 orcs
  A giant cockroach (D:2)
  9 hobgoblins
  9 jackals
  16 kobolds
  4 quokkas
  2 ball pythons
  8 bats
  6 giant newts
  10 goblins
  A quokka skeleton (D:9)
  A quokka zombie (D:9)
  14 rats
205 creatures vanquished.

Notes
Turn   | Place    | Note
--------------------------------------------------------------
     0 | D:1      | Ordine the Minotaur Gladiator began the quest for the Orb.
     0 | D:1      | Reached XP level 1. HP: 18/18 MP: 0/0
    61 | D:1      | Reached skill level 4 in Staves
   198 | D:1      | Reached XP level 2. HP: 18/25 MP: 1/1
   492 | D:1      | Reached skill level 5 in Staves
   554 | D:1      | Reached XP level 3. HP: 28/30 MP: 2/2
  1259 | D:3      | Noticed Jessica
  1266 | D:3      | Killed Jessica
  1266 | D:3      | Reached skill level 6 in Staves
  1266 | D:3      | Reached XP level 4. HP: 17/37 MP: 3/3
  1554 | D:3      | Reached skill level 7 in Staves
  1554 | D:3      | Reached XP level 5. HP: 38/42 MP: 4/4
  1734 | D:3      | Noticed Ijyb
  1739 | D:3      | Killed Ijyb
  2001 | D:3      | Reached skill level 8 in Staves
  2423 | D:4      | Reached XP level 6. HP: 50/50 MP: 5/5
  2595 | D:4      | Found Jobaupnotze's Jewellery Shop.
  2603 | D:4      | Reached skill level 9 in Staves
  2785 | D:4      | Reached XP level 7. HP: 51/56 MP: 6/6
  2856 | D:4      | Reached skill level 10 in Staves
  3051 | D:4      | Found a burning altar of Makhleb.
  3171 | D:5      | Entered Level 5 of the Dungeon
  3458 | D:5      | Found a staircase to the Ecumenical Temple.
  3476 | Temple   | Entered the Ecumenical Temple
  3735 | D:5      | Reached skill level 11 in Staves
  3776 | D:5      | Found a shadowy altar of Dithmenos.
  3782 | D:5      | Found a radiant altar of Vehumet.
  3833 | D:5      | Reached XP level 8. HP: 55/62 MP: 7/7
  3919 | D:5      | Reached skill level 12 in Staves
  4166 | D:6      | Found a sacrificial altar of Ru.
  4193 | D:6      | Got a slimy plate armour
  4207 | D:6      | Identified the +1 plate armour "Ememopp" {rC+ Str+2} (You found it on level 6 of the Dungeon)
  4245 | D:6      | Found an iron altar of Okawaru.
  4250 | D:6      | Noticed Eustachio
  4263 | D:6      | Killed Eustachio
  4293 | D:6      | Became a worshipper of Warmaster Okawaru
  4364 | D:6      | Found Ydido's Book Shop.
  4616 | D:6      | Found an iron altar of Okawaru.
  4627 | D:6      | Reached skill level 13 in Staves
  4812 | D:7      | Found Xamiuwa Haol's Distillery.
  4866 | D:7      | Bought a potion of poison for 11 gold pieces
  4997 | D:7      | Gained mutation: You are robust (+10% HP). [potion of mutation]
  4997 | D:7      | Gained mutation: Your flesh is cold resistant. [potion of mutation]
  4997 | D:7      | Gained mutation: Your magical capacity is low (-10% MP). [potion of mutation]
  5048 | D:7      | Acquired Okawaru's first power
  5054 | D:7      | Reached XP level 9. HP: 71/74 MP: 7/7
  5371 | D:7      | Reached skill level 14 in Staves
  5483 | D:8      | Reached skill level 1 in Armour
  5577 | D:8      | Noticed a gargoyle
  5609 | D:8      | Killed a gargoyle
  5855 | D:8      | Reached skill level 5 in Dodging
  6493 | D:4      | Bought an uncursed amulet of the gourmand for 330 gold pieces
  6653 | D:9      | Found a stormy altar of Qazlal.
  6676 | D:9      | Reached skill level 5 in Fighting
  6823 | D:9      | Found a staircase to the Lair.
  6917 | D:9      | Found a glowing silver altar of Zin.
  7013 | D:9      | Reached skill level 5 in Armour
  7184 | Lair:1   | Entered Level 1 of the Lair of Beasts
  7191 | Lair:1   | Reached XP level 10. HP: 91/91 MP: 8/8
  7269 | Lair:1   | Noticed an eight-headed hydra
  7277 | Lair:1   | Killed an eight-headed hydra
  7348 | Lair:1   | Noticed a komodo dragon
  7368 | Lair:1   | Mangled by a komodo dragon

Vault maps used:
D:1:      dpeg_arrival_subterranean_lakeside_camping
D:2:      corexii_leaking_fountain
D:3:      uniq_iyjb, uniq_jessica
D:4:      makhleb_blood_cavern_becter, first_bread, serial_shops, shop
D:5:      vehumet_statue, grunt_dithmenos_smoke,
          minmay_temple_entry_glassed_door
D:6:      hangedman_ru_absence, old_standard_altar, serial_shops,
          nicolae_shop_crystal, okawaru_altar_gauntlet_db, uniq_eustachio
D:7:      serial_shops, nicolae_shop_window_shopping
D:9:      kennysheep_little_box, kennysheep_mini, lair_0_dummy, the_bakery
Temple:   oiseaux_autumnal_temple_12
Lair:1:   serial_bayou_shore_b

Action                   |  1- 3 |  4- 6 |  7- 9 | 10-12 || total
-------------------------+-------+-------+-------+-------++-------
Melee: Quarterstaff      |    86 |   136 |   389 |    19 ||   630
Invok: Heroism           |       |       |     1 |       ||     1
Evoke: Wand              |       |       |       |     5 ||     5
  Use: Scroll            |     6 |     3 |    14 |     1 ||    24
       Potion            |       |       |     3 |     1 ||     4
  Eat: Chunk             |     1 |     5 |    12 |     9 ||    27
       Fruit             |       |       |     2 |       ||     2
